 Dungeon Crawl Stone Soup version 0.31-a0-1163-gcee99d1eea (webtiles) character file.

Game seed: 10984000236060395882

47277 drugrobin the Martial Artist (level 13, -6/99 (107) HPs)
             Began as a Demigod Delver on Dec 9, 2023.
             Mangled by a spectral black mamba (11 damage)
             ... called from beyond by a ghost crab
             ... on level 4 of the Lair of Beasts.
             The game lasted 01:10:54 (20383 turns).

drugrobin the Martial Artist (Demigod Delver)      Turns: 20383, Time: 01:10:55

HP:   -6/99 (107)   AC: 19    Str: 13    XL:     13   Next: 70%
MP:   16/16         EV: 15    Int: 12    God:
Gold: 1827          SH: 11    Dex: 31    Spells: 12/12 levels left

rFire   + +          +
                       - Unarmed
rCold   x . .        J - +0 buckler
rNeg    . . .        Q - +3 fire dragon scales
rPois   .            B - +0 helmet
rElec   .            I - +0 cloak
rCorr   .            (no gloves)
SInv    .            v - +1 pair of boots
Will    +....        z - amulet of reflection
Stlth   ++           N - +4 ring of protection
HPRegen 0.36/turn    q - ring of protection from fire
MPRegen 0.15/turn

%: reflection
@: hasted, drained, very quick
A: high MP 1, forlorn, divine attributes
a: no special abilities


You were on level 4 of the Lair of Beasts.
You visited 2 branches of the dungeon, and saw 15 of its levels.
You also visited: Bailey, Gauntlet and Volcano.

You collected 1827 gold pieces.

Inventory:

Hand Weapons
 b - the +8 sling of Sin {drain, rN+ Will+ Str+3 Dex-5 Stlth+}
   (You found it on level 4 of the Dungeon)

   Str+3:     It affects your strength (+3).
   Dex-5:     It affects your dexterity (-5).
   rN+:       It protects you from negative energy.
   Will+:     It increases your willpower.
   Stlth+:    It makes you more stealthy.
 c - the +9 short sword of the Maze {spect, Int+8}
   (You found it on level 2 of the Dungeon)

   Int+8:     It affects your intelligence (+8).
 d - a +2 dagger of venom
Missiles
 l - 5 javelins (quivered)
 C - 19 boomerangs
 G - 28 poisoned darts
Armour
 t - a +0 robe of willpower
 v - a +1 pair of boots (worn)
 B - a +0 helmet (worn)
 F - a +3 leather armour of cold resistance
 I - a +0 cloak (worn)
 J - a +0 buckler (worn)
 Q - +3 fire dragon scales (worn)
Magical Staves
 x - the staff of Crusades {rPois rN+ Str+3 Necro Poison}
   (You found it on level 10 of the Dungeon)

   [staff of poison]

   Base accuracy: +5 Base damage: 5 Base attack delay: 1.2 This weapon's minimum
   attack delay (0.6) is reached at skill level 12.
   Str+3:     It affects your strength (+3).
   rPois:     It protects you from poison rN+: It protects you from negative
   energy.
   Necro:     It increases the power of your Necromancy spells.
   Poison:    It increases the power of your Poison spells.
   It falls into the 'Staves' category.
   It is a one-handed weapon.
Jewellery
 i - a ring of ice
 q - a ring of protection from fire (right hand)
 z - an amulet of reflection (around neck)
 E - the ring "Otheos" {Fire Contam *Slow Fly rPois}
   (You found it in a Gauntlet)

   [ring of fire]

   Fire:      It enhances your fire magic.
   rF+:       It protects you from fire.
   rC-:       It makes you vulnerable to cold.
   rPois:     It protects you from poison Fly: It grants you flight.
   Contam:    It causes magical contamination when unequipped.
   *Slow:     It may slow you when you take damage.
 K - the amulet of Stoicism {Acrobat Will+}
   (You found it in a Gauntlet)

   [amulet of the acrobat]

   Acrobat:   It increases your evasion while moving and waiting.
   Will+:     It increases your willpower.
 N - a +4 ring of protection (left hand)
Talismans
 y - the blade talisman of Rotten Awe {rElec rF- Int-3 Dex+4 Stlth+}
   (You found it on level 4 of the Dungeon)

   [blade talisman]

   Int-3:     It affects your intelligence (-3).
   Dex+4:     It affects your dexterity (+4).
   rF-:       It makes you vulnerable to fire.
   rElec:     It insulates you from electricity.
   Stlth+:    It makes you more stealthy.
Wands
 f - a wand of digging (9)
 p - a wand of polymorph (1)
 M - a wand of flame (9)
Scrolls
 a - 2 scrolls of fog
 g - a scroll of brand weapon
 j - a scroll of poison
 s - 2 scrolls of immolation
 D - a scroll of fear
 L - 3 scrolls of vulnerability
 O - a scroll of teleportation
Potions
 e - a potion of haste
 h - a potion of curing
 k - 3 potions of cancellation
 m - 3 potions of invisibility
 o - 3 potions of mutation
 u - 3 potions of degeneration {unknown}
 A - a potion of lignification
 R - 9 potions of brilliance
Miscellaneous
 H - a phantom mirror


   Skills:
 - Level 8.0 Fighting
 - Level 9.6 Dodging
 - Level 4.5 Stealth
 * Level 14.5 Unarmed Combat
 * Level 12.1 Shapeshifting


You had 12 spell levels left.
You didn't know any spells.
Your spell library contained the following spells:

 Spells                   Type           Power      Damage    Failure   Level
 Dazzling Flash           Conj/Hex       0%         N/A       100%        3
 Volatile Blastmotes      Fire/Tloc      0%         2d10      100%        3
 Brom's Barrelling Bould  Conj/Erth      0%         2d3       100%        4
 Vhi's Electric Charge    Tloc/Air       0%         N/A       100%        4
 Arcjolt                  Conj/Air       0%         1d10      100%        5
 Fireball                 Conj/Fire      0%         3d3       100%        5
 Iskenderun's Battlesphe  Conj           0%         2d6       100%        5
 Bombard                  Conj/Erth      0%         9d1       100%        6
 Conjure Ball Lightning   Conj/Air       0%         3x3d6     100%        6
 Plasma Beam              Fire/Air       0%         2x1d10    100%        6
 Starburst                Conj/Fire      0%         6d3       100%        6
 Orb of Destruction       Conj           0%         9d5       100%        7
 Spellforged Servitor     Conj/Summ      0%         N/A       100%        7
 Maxwell's Capacitive Co  Air            0%         ∞         100%        8


Dungeon Overview and Level Annotations

Branches:
Dungeon (10/15)            Temple (0/1) D:6            Lair (5/5) D:8
 Shoals (0/4) Lair:3        Snake (0/4) Lair:3       Bailey (visited)
Volcano (visited)         Gauntlet (visited)
  Slime: Lair:4-5       Orc: D:9-12

Shops:
D:9 =

Annotations:
D:8 Gastronok
D:9 Erica, Joseph
Lair:4 1 runed translucent door
Lair:5 Rupert


Innate Abilities, Weirdness & Mutations

You have an increased reservoir of magic. (+10% MP)
You shall have no god before yourself.
Your divine heritage dramatically boosts your attributes as you level up.


Message History

Press: ? - help, v - describe, . - travel
Here: a spectral catoblepas (summoned)
The floor.
The spectral black mamba attacks as it pursues you!
The spectral black mamba bites you but does no damage.
The spectral catoblepas attacks as it pursues you!
The spectral catoblepas gores you!
* * * LOW HITPOINT WARNING * * *
You feel drained.
* * * LOW HITPOINT WARNING * * *
Unknown command.
Unknown command.
Okay, then.
Unknown command.
Unknown command.
Unknown command.
Okay, then.
Unknown command.
You feel yourself speed up.
The spectral black mamba barely misses you.
The spectral black mamba misses you.
You block the spectral catoblepas's attack.
Unknown command.
Unknown command.
The spectral black mamba bites you but does no damage.
Unknown command.
Unknown command.
The spectral catoblepas fades away!
Unknown command.
Unknown command.
Unknown command.
Unknown command.
The spectral death yak fades away!
The spectral black mamba attacks as it pursues you!
The spectral black mamba bites you but does no damage.
Unknown command.
Unknown command.
The spectral black mamba attacks as it pursues you!
The spectral black mamba bites you!
You die...

..###.###...##.##.#.###.....#....
...#..###...###.....##...........
..##........##......###.....#....
..###.......##..#..#.##....####..
...##..#.....###...##......###...
..########...#..#+#.#............
..#######........................
.................................
..>.............@Z........t...○..
....<.........................Z☼.
............####...##.......#####
............# ######...........°
#.#.####.P..####.####.......#.###
#########....#....##........#.#
##....###...P##.....+.......#.#
#P......#...P##...###.......#.#
##.....##....##...#.........#.#


You could see a spectral black mamba (summoned).

Vanquished Creatures
  An entropy weaver (Lair:4)
  2 hydras
  A boulder beetle (Lair:3)
  12 death yaks
  5 fire crabs (Lair:4)
  A skyshark (Lair:2)
  3 harpies (Lair:3)
  A deep elf archer (Volcano)
  Pikel (D:9)
  A necromancer (Gauntlet)
  6 deep elf pyromancers (Volcano)
  3 elephants
  A salamander (Lair:3)
  4 black mambas
  A gargoyle (D:10)
  12 cane toads
  3 rime drakes
  A kobold demonologist (D:10)
  10 komodo dragons
  A polar bear (Lair:3)
  2 hornets
  2 trolls (D:10)
  5 dream sheep
  3 blink frogs (Lair:2)
  4 wyverns
  A wraith (D:7)
  5 basilisks
  4 fire bats (D:10)
  30 yaks
  7 fire elementals
  2 steam dragons
  2 acid dragons
  3 nagas (Lair:3)
  Duvessa (D:5)
  11 water moccasins
  11 hell hounds
  2 black bears
  3 sky beasts
  An ice beast (D:6)
  10 orc warriors
  18 wolves
  A centaur (D:7)
  3 ogres
  A kobold brigand (D:7)
  16 bullfrogs
  2 gnoll sergeants
  3 scorpions
  5 wights (D:10)
  Dowan (D:5)
  3 killer bees (D:8)
  A howler monkey (D:7)
  2 lava snakes (D:10)
  4 crimson imps (D:10)
  2 gnoll boudas
  A hound (D:4)
  3 jellies
  4 orc priests
  4 iguanas
  2 sleepcaps
  4 orc wizards
  23 gnolls
  Robin (D:4)
  7 adders
  3 white imps
  2 ufetubi (D:6)
  2 worms
  3 dart slugs
  31 orcs
  5 endoplasms
  5 giant cockroaches
  19 goblins
  10 hobgoblins
  8 jackals
  18 kobolds
  A quokka (D:5)
  4 ball pythons
  6 bats
  2 frilled lizards
  4 rats
413 creatures vanquished.

Vanquished Creatures (others)
  A deep elf pyromancer (Volcano)
  6 spectral weapons
7 creatures vanquished.

Grand Total: 420 creatures vanquished

Notes
Turn   | Place    | Note
-------+----------+-------------------------------------------
     0 | D:5      | drugrobin the Demigod Delver began the quest for the Orb.
     0 | D:5      | Reached XP level 1. HP: 18/18 MP: 3/3
     2 | D:5      | Noticed an orc priest
    21 | D:5      | Reached skill level 2 in Unarmed Combat
    46 | D:5      | Reached XP level 2. HP: 24/25 MP: 4/4
    74 | D:5      | Reached skill level 3 in Unarmed Combat
   885 | D:2      | Identified the +9 short sword of the Maze {spect, Int+8}
   937 | D:2      | Reached XP level 3. HP: 30/30 MP: 5/5
  1793 | D:2      | Reached skill level 4 in Unarmed Combat
  2096 | D:2      | Reached XP level 4. HP: 37/37 MP: 6/6
  2747 | D:3      | Reached XP level 5. HP: 30/42 MP: 7/7
  2997 | D:4      | Noticed an ogre
  3182 | D:4      | Killed an ogre
  3183 | D:4      | Reached skill level 5 in Unarmed Combat
  3188 | D:4      | Identified the blade talisman of Rotten Awe {rElec rF-
                  | Int-3 Dex+4 Stlth+}
  3253 | D:4      | Identified the +0 robe of Dawn {Archmagi}
  3266 | D:4      | Reached XP level 6. HP: 50/50 MP: 8/8
  3294 | D:4      | Identified the +8 sling of Sin {drain, rN+ Will+ Str+3
                  | Dex-5 Stlth+}
  3456 | D:4      | Noticed Robin
  3477 | D:4      | Killed Robin
  3658 | D:4      | Reached XP level 7. HP: 55/56 MP: 9/9
  3682 | D:5      | Reached skill level 6 in Unarmed Combat
  3790 | D:5      | Reached skill level 5 in Dodging
  3975 | D:5      | Noticed Duvessa
  3988 | D:5      | Noticed Dowan
  4017 | D:5      | Killed Duvessa
  4021 | D:5      | Killed Dowan
  4149 | D:5      | Identified the +5 hand axe "Witeuf" {speed, rF+ Stlth+}
  4178 | D:5      | Reached skill level 7 in Unarmed Combat
  4178 | D:5      | Reached XP level 8. HP: 62/62 MP: 10/10
  4809 | D:6      | Found a staircase to the Ecumenical Temple.
  5175 | D:6      | Reached skill level 8 in Unarmed Combat
  5188 | D:6      | Reached XP level 9. HP: 34/73 MP: 11/11
  5397 | D:6      | Reached skill level 5 in Fighting
  6253 | D:6      | Reached skill level 9 in Unarmed Combat
  7198 | D:8      | Noticed Gastronok
  7368 | D:8      | Reached XP level 10. HP: 70/84 MP: 13/13
  7738 | D:8      | Found a staircase to the Lair.
  8266 | D:9      | Noticed Joseph
  8523 | D:9      | Noticed Pikel
  8558 | D:9      | Killed Pikel
  8559 | D:9      | Reached skill level 10 in Unarmed Combat
  8714 | D:9      | Noticed Erica
  8760 | D:9      | Found Evuocluu's Jewellery Shoppe.
  8936 | D:9      | Noticed a two-headed ogre
  9097 | D:10     | Entered Level 10 of the Dungeon
  9127 | D:10     | Found a flagged portal.
  9136 | Bailey   | Entered a bailey
  9381 | Bailey   | Reached skill level 1 in Shapeshifting
  9906 | D:10     | Reached XP level 11. HP: 56/94 MP: 14/14
 10133 | D:10     | Identified the staff of Crusades {rPois rN+ Str+3 Necro
                  | Poison}
 10734 | Lair:1   | Entered Level 1 of the Lair of Beasts
 11077 | Lair:1   | Reached skill level 11 in Unarmed Combat
 11226 | Lair:1   | Reached skill level 5 in Shapeshifting
 11837 | Lair:1   | You fall into a shaft and drop 1 floor!
 11844 | Lair:2   | Noticed a skyshark
 11864 | Lair:2   | Killed a skyshark
 11922 | Lair:1   | HP: 1/94 [yak (9)]
 12473 | Lair:2   | Noticed a death yak
 12473 | Lair:2   | Noticed a death yak
 12475 | Lair:2   | Noticed a death yak
 12476 | Lair:2   | Noticed a death yak
 12500 | Lair:1   | Killed a death yak
 12791 | Lair:2   | Noticed a death yak
 12836 | Lair:2   | Killed a death yak
 12837 | Lair:2   | Reached XP level 12. HP: 101/101 MP: 15/15
 12893 | Lair:2   | Reached skill level 12 in Unarmed Combat
 14203 | Lair:3   | Found a staircase to the Shoals.
 14276 | Lair:3   | Found a gate leading to a gauntlet.
 14286 | Gauntlet | Entered a Gauntlet
 14286 | Gauntlet | Found a transporter.
 14286 | Gauntlet | Found a transporter.
 14288 | Gauntlet | Found a transporter.
 14292 | Gauntlet | Found a transporter.
 14292 | Gauntlet | Found a transporter.
 14292 | Gauntlet | Found a transporter.
 14330 | Gauntlet | Found a transporter.
 14379 | Gauntlet | Found a transporter.
 14379 | Gauntlet | Found a transporter.
 14380 | Gauntlet | Identified the ring "Otheos" {Fire Contam *Slow Fly rPois}
 14392 | Gauntlet | Found a transporter.
 14396 | Gauntlet | Found a transporter.
 14399 | Gauntlet | Found a transporter.
 14424 | Gauntlet | Identified the amulet of Stoicism {Acrobat Will+}
 14437 | Gauntlet | Identified the +0 tower shield of Parts Unknown {rElec
                  | Will- Dex+3}
 14437 | Gauntlet | Noticed a minotaur
 14459 | Gauntlet | Identified the ring "Xojuyfy" {Str+2 Int+6}
 14540 | Lair:3   | Found a dark tunnel.
 14546 | Volcano  | Entered a volcano
 14788 | Volcano  | Reached skill level 10 in Shapeshifting
 14881 | Volcano  | Reached skill level 13 in Unarmed Combat
 15283 | Lair:3   | Reached XP level 13. HP: 107/107 MP: 16/16
 16465 | Lair:3   | Found a staircase to the Snake Pit.
 17893 | Lair:5   | Entered Level 5 of the Lair of Beasts
 17900 | Lair:5   | Reached skill level 14 in Unarmed Combat
 17979 | Lair:5   | Noticed Rupert
 19065 | Lair:4   | Found a runed translucent door.
 19203 | Lair:4   | Found a runed translucent door.
 19655 | Lair:4   | HP: 5/107 [fire crab (1)]
 19656 | Lair:4   | HP: 2/107 [fire crab (2)]
 19661 | Lair:4   | HP: 3/107 [fire crab] (3)]
 19661 | Lair:4   | HP: 1/107 [fire crab (2)]
 20376 | Lair:4   | HP: 3/99 [spectral catoblepas[a ghost crab] (7)]
 20383 | Lair:4   | Mangled by a spectral black mamba

Illustrated notes

Levels and vault maps discovered:
D:1:      eino_arrival_cavern_b, layout_loops_ring, minmay_door_square
D:2:      layout_loops_ring, shapermc_ecumenical_altar_totnotflames,
          minmay_pentomino_r2
D:3:      layout_loops_cross, nicolae_uskayaw_dance_hall,
          minmay_misc_feat_encased
D:4:      layout_basic, hellmonk_sif_muna_bookshelves, uniq_robin
D:5:      layout_layer_cave, mainiacjoe_overflow_six_doors_small, uniq_duvessa
D:6:      kb_forest_paths, layout_basic, mainiacjoe_overflow_alcove_2
D:7:      layout_basic, nicolae_ashenzari_panopticon, general_overflow_altar,
          nicolae_overflow_hidden_temple, mainiacjoe_overflow_surrounded_room
D:8:      layout_basic, mainiacjoe_overflow_boulevard,
          nicolae_qazlal_beasts_of_the_sky, lemuel_round_altar,
          erik_lair_dragon, eino_tiny_chamber, uniq_gastronok
D:9:      layout_loops_ring, serial_shops, nicolae_shop_tiny_real_fake_doors,
          uniq_joseph, uniq_erica, uniq_pikel
D:10:     layout_long_grid, led_xom_imps, enter_bailey_6, hangedman_incinerator
Lair:1:   layout_hall_layers, lemuel_fruit_fields
Lair:2:   layout_cave_shapes, serial_bayou_shore_a
Lair:3:   layout_regular_city, nicolae_shoals_entry_roost,
          alex1729_snake_entry_snake, enter_volcano_3, gauntlet_entry_generic,
          hangedman_lair_generics_rect
Lair:4:   gammafunk_mikee_crab_dinner, layout_regular_city, pf_torpor_hydra
Lair:5:   gammafunk_lair_ancient_temple, layout_gridlike, slime_entry_2,
          gammafunk_ghost_abyssal_escape, pond, uniq_rupert

Skill      XL: |  1  2  3  4  5  6  7  8  9 10 11 12 13 |
---------------+----------------------------------------+-----
Unarmed Combat | 2 3 4 5 7 8 9 10 11 13 14 | 14.5
Dodging        | 2 3 4 6 7 8 9 |  9.6
Fighting       | 4 6 8 |  8.0
Shapeshifting  | 2 7 10 12 | 12.1
Stealth        | |  4.5

Action                     |  1- 3 |  4- 6 |  7- 9 | 10-12 | 13-15 || total
---------------------------+-------+-------+-------+-------+-------++-------
  Melee: Unarmed           |   100 |     5 |    14 |   327 |   367 ||   813
         Short sword       |    38 |    65 |   160 |   432 |    23 ||   718
         Punch             |     2 |     3 |     6 |       |    14 ||    25
         Dagger            |       |       |       |     7 |     8 ||    15
   Fire: Sling             |     2 |     8 |    65 |   122 |    14 ||   211
  Throw: Javelin           |       |     4 |     3 |     3 |     1 ||    11
  Evoke: Wand              |       |       |       |     4 |     4 ||     8
         Phantom mirror    |       |       |       |     2 |       ||     2
    Use: Scroll            |     1 |       |       |    21 |     3 ||    25
         Potion            |       |       |       |     9 |     5 ||    14
   Stab: Sleeping          |    15 |     5 |     5 |       |     1 ||    26
         Distracted        |       |     2 |     6 |    13 |       ||    21
 Armour: Leather armour    |    78 |       |    33 |    53 |       ||   164
         Robe              |     6 |    26 |     1 |       |       ||    33
         Plate armour      |       |       |    21 |       |       ||    21
         Fire dragon scale |       |       |       |   320 |   335 ||   655
  Dodge: Dodged            |    70 |    34 |    65 |   329 |   256 ||   754
  Block: Other             |       |     7 |    20 |       |    19 ||    46
         Reflection        |       |       |     2 |     6 |     1 ||     9
         Buckler           |       |       |    22 |   341 |   191 ||   554
         Form:             |       |       |       |       |     1 ||     1
         Blade             |       |       |       |       |     1 ||     1

Table legend: (Time is in decaauts)
 A = Elapsed time spent in this place.
 B = Non-inter-level travel time spent in this place.
 C = Inter-level travel time spent in this place.
 D = Time resting spent in this place.
 E = Time spent auto-exploring this place.
 F = Levels seen in this place.
 G = Mean time per level.
                   A        B        C        D        E       F      G
               +--------+--------+--------+--------+--------+-----+--------+
         Total |  20330 |  19428 |    902 |   4725 |   9470 |  18 | 1129.4 |
       Dungeon |  10107 |   9542 |    565 |    903 |   6130 |  10 | 1010.7 |
          Lair |   8698 |   8361 |    337 |   3269 |   3197 |   5 | 1739.6 |
        Bailey |    676 |    676 |      0 |    194 |    102 |   1 |  676.0 |
       Volcano |    674 |    674 |      0 |    359 |     40 |   1 |  674.0 |
      Gauntlet |    173 |    173 |      0 |      0 |      0 |   1 |  173.0 |
               +--------+--------+--------+--------+--------+-----+--------+

Top non-repeatable levels by time:
  Lair:3: 3038 daAuts
  Lair:1: 2522 daAuts
  Lair:4: 2197 daAuts
     D:3: 1319 daAuts
     D:8: 1190 daAuts
     D:5: 1179 daAuts
     D:6: 1127 daAuts
     D:7: 1127 daAuts
     D:9: 903 daAuts
    D:10: 900 daAuts
     D:2: 876 daAuts
  Lair:2: 854 daAuts
     D:1: 757 daAuts
     D:4: 725 daAuts
  Bailey: 676 daAuts
